 Seeded DCSS version 0.29-a0-902-g0f71de6fce (webtiles) character file.

Game seed: 20220725 (custom seed)

11720 flotson the Fighter (level 11, -2/86 HPs)
             Began as a Demonspawn Delver on July 25, 2022.
             Killed from afar by a rakshasa (illusionary) (21 damage)
             ... with a lance of force
             ... on level 9 of the Dungeon.
             The game lasted 00:18:26 (12379 turns).

flotson the Fighter (Demonspawn Delver)            Turns: 12379, Time: 00:18:27

Health: -2/86      AC: 12    Str: 21    XL:     11   Next: 53%
Magic:  0/11       EV: 19    Int: 15    God:
Gold:   508        SH:  0    Dex: 18    Spells: 10/10 levels left

rFire   + . .      SeeInvis .   a - +10 glaive "Uviol" {vorpal, rN+ Str-3 Int+4 Dex+4}
rCold   . . .      Faith    .   (shield currently unavailable)
rNeg    + . .      Spirit   +   E - +1 ring mail {rF+}
rPois   .          Reflect  .   (helmet restricted)
rElec   .          Harm     .   z - +0 cloak
rCorr   .          Rampage  .   (no gloves)
Will    .....                   t - +0 pair of boots
Stlth   ++........              (no amulet)
HPRegen 0.24/turn               d - +4 ring of evasion
MPRegen 0.24/turn               s - +6 ring of strength

@: mighty, about to teleport
A: horns 1, thin metallic scales 1, powered by pain 2, magic shield, magic
regeneration
a: no special abilities


You were on level 9 of the Dungeon.
You visited 2 branches of the dungeon, and saw 10 of its levels.

You collected 575 gold pieces.
You spent 67 gold pieces at shops.

Inventory:

Hand Weapons
 a - the +10 glaive "Uviol" (weapon) {vorpal, rN+ Str-3 Int+4 Dex+4}
   (You found it on level 6 of the Dungeon)

   It inflicts extra damage upon your enemies.
   Str:       It affects your strength (-3).
   Int:       It affects your intelligence (+4).
   Dex:       It affects your dexterity (+4).
   rN:        It protects you from negative energy.
 b - a +0 longbow
 m - a +1 vorpal arbalest
Missiles
 i - 30 poisoned darts
 k - 5 curare-tipped darts (quivered)
 p - 15 boomerangs
 u - 2 throwing nets
 v - 8 javelins
 x - 3 atropa-tipped darts
Armour
 t - a +0 pair of boots (worn)
 z - a +0 cloak (worn)
 E - a +1 ring mail of fire resistance (worn)
Jewellery
 d - a +4 ring of evasion (left hand)
 s - a +6 ring of strength (right hand)
Wands
 g - a wand of digging (3)
 J - a wand of iceblast (11)
 K - a wand of quicksilver (6)
Scrolls
 c - a scroll of fog
 e - 2 scrolls of fear
 h - a scroll of amnesia {unknown}
 j - a scroll of summoning {unknown}
 o - 2 scrolls of vulnerability
 r - 3 scrolls of teleportation
 w - 3 scrolls of blinking {unknown}
 y - 4 scrolls of enchant armour {unknown}
 A - 3 scrolls of noise {unknown}
 B - a scroll of torment {unknown}
 C - a scroll of poison {unknown}
 I - 16 scrolls of identify {unknown}
Potions
 f - 3 potions of mutation {unknown}
 l - 2 potions of flight {unknown}
 n - a potion of curing
 q - a potion of degeneration {unknown}
 D - a potion of might {unknown}
 F - a potion of lignification {unknown}
 G - a potion of haste
 H - 2 potions of attraction {unknown}


   Skills:
 + Level 8.0 Fighting
 - Level 4.3(5.6) Axes
 + Level 5.5(6.2) Polearms
 + Level 7.0 Throwing
 + Level 6.8 Armour
 + Level 7.1 Dodging
 - Level 4.5 Stealth
 + Level 7.5 Evocations


You had 10 spell levels left.
You didn't know any spells.
Your spell library contained the following spells:

 Spells                   Type           Power      Damage    Failure   Level
 Shock                    Conj/Air       0%         1d3       38%         1
 Slow                     Hex            0%         N/A       38%         1
 Sting                    Tmut/Pois      0%         1d3       38%         1
 Poisonous Vapours        Pois/Air       0%         N/A       54%         2
 Scorch                   Fire           0%         2d5       54%         2
 Confusing Touch          Hex            0%         N/A       77%         3
 Swiftness                Air            0%         N/A       77%         3
 Vampiric Draining        Necr           0%         2d6       77%         3
 Airstrike                Air            0%         0-1+      99%         4
 Flame Wave               Conj/Fire      0%         2d4       99%         4
 Olgreb's Toxic Radiance  Pois           0%         N/A       99%         4
 Passage of Golubria      Tloc           0%         N/A       99%         4
 Summon Ice Beast         Ice/Summ       0%         N/A       99%         4
 Summon Lightning Spire   Summ/Air       0%         N/A       99%         4
 Lightning Bolt           Conj/Air       0%         1d11      100%        5
 Silence                  Hex/Air        0%         N/A       100%        5
 Summon Mana Viper        Hex/Summ       0%         N/A       100%        5
 Summon Cactus Giant      Summ           0%         N/A       100%        6
 Monstrous Menagerie      Summ           0%         N/A       100%        7
 Lehudib's Crystal Spear  Conj/Erth      0%         10d2      100%        8


Dungeon Overview and Level Annotations

Branches:
Dungeon (9/15)             Temple (1/1) D:5            Lair (0/5) D:9
    Orc (0/2) D:9

Altars:
Ashenzari
Cheibriados
Dithmenos
Fedhas
Hepliaklqana
Kikubaaqudgha
Makhleb
Nemelex Xobeh
Okawaru
Qazlal
Ru
Sif Muna
Trog
Uskayaw
Vehumet
Wu Jian
Xom
Yredelemnul

Shops:
D:2 (   D:4 =   D:8 (


Innate Abilities, Weirdness & Mutations

You have a pair of small horns on your head.
You are partially covered in thin metallic scales. (AC +2)
You sometimes gain power by taking damage.
When hurt, damage is shared between your health and your magic reserves.
You regenerate magic rapidly.


Message History

The rakshasa gestures at you. The lance of force hits you!
You are knocked back by the lance of force.
You slam into the rock wall!
The rakshasa gestures at you. The lance of force misses you.
Unknown command.
You hit the rakshasa. You headbutt the rakshasa.
The rakshasa is heavily wounded.
The rakshasa hits you with a +0 whip!
You focus on the pain.
You feel very mighty all of a sudden.
Unknown command.
You slash the rakshasa! Your headbutt misses the rakshasa.
The rakshasa is severely wounded.
The injured rakshasa weaves a defensive illusion!
The rakshasa drinks a potion.
The rakshasa is healed!
The rakshasa drinks a potion.
The rakshasa is healed!
Unknown command.
You miss the rakshasa. Your headbutt misses the rakshasa.
The rakshasa is heavily wounded.
The rakshasa hits you with a +0 whip!
The rakshasa drinks a potion.
The rakshasa is healed!
The rakshasa barely misses you.
Unknown command.
You barely miss the rakshasa. Your headbutt misses the rakshasa.
The rakshasa is heavily wounded.
The rakshasa gestures at you. The lance of force misses you.
Unknown command.
You slash the rakshasa!
The rakshasa is almost dead.
The rakshasa gestures at you. The lance of force hits you!!
You are knocked back by the lance of force.
You slam into the rock wall!
* * * LOW HITPOINT WARNING * * *
As you read the scroll of teleportation, it crumbles to dust.
You feel strangely unstable. The rakshasa gestures at you.
The lance of force hits you!!
You die...

##### ....#
...# ##
#..# ...
#..# #...
#..#
##...###.@#
#......#R.#
.......R..#
....#..#..#
. ##.#..#
..#..#
..##..# ##
### #..#
##. #..#


You could see 2 rakshasas.

Vanquished Creatures
  A boulder beetle (D:8)
  2 centaur warriors (D:9)
  A two-headed ogre (D:8)
  A cyclops (D:9)
  An ugly thing (D:9)
  A gargoyle (D:9)
  A kobold demonologist (D:8)
  A tengu conjurer (D:9)
  2 hornets (D:8)
  Prince Ribbit (D:7)
  3 wyverns (D:8)
  16 yaks
  2 wargs
  An acid dragon (D:9)
  Duvessa (D:5)
  4 water moccasins
  3 orc warriors
  2 ice beasts
  3 sky beasts
  3 black bears
  6 centaurs
  2 kobold brigands
  7 bullfrogs
  2 necrophages
  3 scorpions
  4 wights (D:7)
  Dowan (D:5)
  3 howler monkeys
  A crimson imp (D:6)
  5 orc priests
  4 jellies
  5 hounds
  7 orc wizards
  4 gnolls
  11 adders
  A shadow imp (D:6)
  A white imp (D:6)
  2 ufetubi (D:5)
  2 worms
  4 dart slugs
  19 orcs
  6 endoplasms
  6 giant cockroaches
  4 goblins
  6 hobgoblins
  5 quokkas
  5 ball pythons
  6 bats
  3 frilled lizards (D:2)
  10 kobolds
  5 rats
200 creatures vanquished.

Vanquished Creatures (others)
  A hornet simulacrum (D:9)
  A quokka (D:8)
2 creatures vanquished.

Grand Total: 202 creatures vanquished

Notes
Turn   | Place    | Note
-------+----------+-------------------------------------------
     0 | D:5      | flotson the Demonspawn Delver began the quest for the Orb.
     0 | D:5      | Reached XP level 1. HP: 18/18 MP: 1/1
    15 | D:5      | Found a broken altar of Ashenzari.
    47 | D:5      | Noticed a jelly
    81 | D:4      | Found Gusif's Jewellery Shoppe.
    96 | D:4      | Noticed a hound
   116 | D:4      | Killed a hound
   117 | D:4      | Gained mutation: You sometimes gain a little power by
                  | taking damage. [demonic ancestry]
   117 | D:4      | Reached XP level 2. HP: 18/24 MP: 2/2
   138 | D:4      | Gained mutation: You regenerate magic rapidly. [demonic
                  | ancestry]
   138 | D:4      | Reached XP level 3. HP: 19/29 MP: 3/3
   246 | D:4      | Noticed a centaur
   362 | D:3      | Reached skill level 1 in Evocations
   441 | D:2      | Reached skill level 1 in Throwing
   496 | D:2      | Reached skill level 1 in Axes
   821 | D:1      | Found a faded altar of an unknown god.
   832 | D:1      | Reached skill level 1 in Armour
  1187 | D:1      | Gained mutation: You are partially covered in thin metallic
                  | scales. (AC +2) [demonic ancestry]
  1187 | D:1      | Reached XP level 4. HP: 35/35 MP: 4/4
  1921 | D:2      | Found Axos's Weapon Shop.
  1925 | D:2      | Bought 6 javelins for 67 gold pieces
  3117 | D:4      | Reached XP level 5. HP: 29/41 MP: 5/5
  3403 | D:4      | Killed a centaur
  3630 | D:4      | Reached XP level 6. HP: 48/48 MP: 6/6
  3633 | D:4      | Found a blossoming altar of Fedhas.
  3661 | D:4      | Found a shimmering blue altar of Sif Muna.
  4221 | D:5      | Reached skill level 4 in Fighting
  4358 | D:5      | Noticed Duvessa
  4384 | D:5      | Noticed Dowan
  4404 | D:5      | Killed Duvessa
  4405 | D:5      | Reached XP level 7. HP: 45/54 MP: 7/7
  4511 | D:5      | Killed Dowan
  5282 | D:5      | Gained mutation: You have a pair of small horns on your
                  | head. [demonic ancestry]
  5282 | D:5      | Reached XP level 8. HP: 56/61 MP: 8/8
  5409 | D:5      | Reached skill level 5 in Fighting
  5873 | D:5      | Found a staircase to the Ecumenical Temple.
  5879 | Temple   | Entered the Ecumenical Temple
  7071 | D:6      | Gained mutation: When hurt, damage is shared between your
                  | health and your magic reserves. [demonic ancestry]
  7071 | D:6      | Reached XP level 9. HP: 59/68 MP: 9/9
  7339 | D:6      | Identified the +10 glaive "Uviol" {vorpal, rN+ Str-3 Int+4
                  | Dex+4}
  7597 | D:6      | Found a shimmering altar of Xom.
  7597 | D:6      | Found a burning altar of Makhleb.
  7979 | D:7      | Reached skill level 5 in Evocations
  8280 | D:7      | Reached skill level 5 in Dodging
  8390 | D:7      | Found a hide-covered altar of Uskayaw.
  8445 | D:7      | Reached skill level 6 in Fighting
  8794 | D:7      | Noticed Prince Ribbit
  8797 | D:7      | Killed Prince Ribbit
  8911 | D:8      | Reached skill level 5 in Throwing
  9115 | D:8      | Reached skill level 5 in Armour
  9343 | D:8      | Found Mev Quir's Weapon Shop.
  9369 | D:8      | Reached XP level 10. HP: 54/77 MP: 7/10
  9649 | D:8      | Found an ornate altar of the Wu Jian Council.
  9850 | D:9      | Found a staircase to the Orcish Mines.
 10064 | D:9      | Found a staircase to the Lair.
 10559 | D:8      | Reached skill level 7 in Fighting
 11091 | D:9      | Noticed a boulder beetle
 11092 | D:9      | Noticed a manticore
 11253 | D:8      | Killed a boulder beetle
 11561 | D:9      | Noticed a two-headed ogre
 11571 | D:8      | Killed a two-headed ogre
 11572 | D:8      | Gained mutation: You sometimes gain power by taking damage.
                  | [demonic ancestry]
 11572 | D:8      | Reached XP level 11. HP: 47/84 MP: 7/11
 11923 | D:9      | Noticed a red ugly thing
 11933 | D:9      | Killed a red ugly thing
 11934 | D:9      | Reached skill level 5 in Polearms
 11955 | D:9      | Noticed a centaur warrior
 11960 | D:9      | Killed a centaur warrior
 12295 | D:9      | Noticed a centaur warrior
 12300 | D:9      | Killed a centaur warrior
 12301 | D:9      | Reached skill level 8 in Fighting
 12370 | D:9      | Noticed a rakshasa
 12379 | D:9      | Killed from afar by a rakshasa (illusionary)

Illustrated notes

Levels and vault maps discovered:
D:1:      dpeg_arrival_water_fire, layout_basic, basic_ecumenical_altar
D:2:      wander_river, layout_basic, serial_shops, shop, minivault_24,
          kennysheep_potato
D:3:      layout_basic
D:4:      layout_loops_ring, jmf_multi_god_temple, serial_shops,
          nicolae_lakefront_shop, enter_ossuary_1, mrwooster_statue_mirror,
          minmay_misc_feat_five, st_stairs_10, wad_floor_pattern_untrapped,
          serial_bayou_pond_d, minmay_stone_trees_small,
          hangedman_decor_opposing
D:5:      kennysheep_windowed_halls, layout_basic, mainiacjoe_overflow_brackets,
          zin_treasury, minmay_temple_entry_proselytizer, uniq_duvessa
D:6:      layout_gridville, grunt_temple_overflow_champion_of_chaos
D:7:      layout_loops_corners, marbit_many_paths, uniq_prince_ribbit1
D:8:      layout_loops_corners, elyvilon_altar_4,
          mainiacjoe_overflow_six_doors_small, serial_shops,
          nicolae_take_the_stairs
D:9:      minmay_the_grid_3x3 [minmay_the_grid_square_x, minmay_the_grid_fan,
          minmay_the_grid_eight, minmay_the_grid_minigrid_large,
          minmay_the_grid_embedded, minmay_the_grid_pillar_ring,
          minmay_the_grid_paths, minmay_the_grid_holed_spiral,
          minmay_the_grid_prize_four_corners], layout_rooms,
          erik_lair_orcish_takeover, serial_park_tiny_1, grunt_ministairs_14
Temple:   nicolae_temple_x_marks_the_god

Skill      XL: |  1  2  3  4  5  6  7  8  9 10 11 |
---------------+----------------------------------+-----
Dodging        | 2 3 4 5 6 7 |  7.1
Evocations     | 1 2 3 4 5 6 7 |  7.5
Throwing       | 1 2 3 4 5 6 7 |  7.0
Axes           | 1 2 3 4 |  4.3
Armour         | 1 2 3 4 5 6 |  6.8
Fighting       | 4 5 6 7 8 |  8.0
Polearms       | 3 4 5 |  5.5
Stealth        | |  4.5

Action                   |  1- 3 |  4- 6 |  7- 9 | 10-12 || total
-------------------------+-------+-------+-------+-------++-------
Melee: Spear             |   120 |    10 |       |       ||   130
       War axe           |       |   136 |   230 |       ||   366
       Punch             |       |       |     4 |       ||     4
       Headbutt          |       |       |    33 |    30 ||    63
       Glaive            |       |       |    62 |   190 ||   252
 Fire: Longbow           |       |       |       |     4 ||     4
Throw: Dart              |       |    14 |     1 |       ||    15
  Use: Potion            |     1 |       |     2 |     2 ||     5
       Scroll            |     1 |       |     3 |     2 ||     6
 Stab: Sleeping          |     2 |    13 |     8 |     2 ||    25
       Distracted        |       |     1 |       |       ||     1
Armor: Ring mail         |    19 |    46 |   128 |    77 ||   270
Dodge: Dodged            |    64 |   112 |   342 |   355 ||   873

Table legend: (Time is in decaauts)
 A = Elapsed time spent in this place.
 B = Non-inter-level travel time spent in this place.
 C = Inter-level travel time spent in this place.
 D = Time resting spent in this place.
 E = Time spent auto-exploring this place.
 F = Levels seen in this place.
 G = Mean time per level.
                   A        B        C        D        E       F      G
               +--------+--------+--------+--------+--------+-----+--------+
         Total |  12623 |  12286 |    337 |    918 |   9251 |  10 | 1262.3 |
       Dungeon |  12561 |  12232 |    329 |    918 |   9203 |   9 | 1395.7 |
        Temple |     61 |     53 |      8 |      0 |     48 |   1 |   61.0 |
               +--------+--------+--------+--------+--------+-----+--------+

Top non-repeatable levels by time:
     D:8: 3016 daAuts
     D:5: 2858 daAuts
     D:6: 1281 daAuts
     D:4: 1189 daAuts
     D:1: 1166 daAuts
     D:7: 1002 daAuts
     D:2: 755 daAuts
     D:3: 719 daAuts
     D:9: 570 daAuts
  Temple: 61 daAuts
